 Dungeon Crawl Stone Soup version bcrawl-1.39.1 (webtiles) character file.

Game seed: 404184623933338742

90043 Finalfun the Skirmisher (level 3, 0/29 HPs)
             Began as a Demonspawn Abyssal Knight on Sept 26, 2023.
             Was a Follower of Lugonu.
             Slain by a sky beast (3 damage)
             ... on level 2 of the Dungeon.
             The game lasted 00:03:43 (1386 turns).

Finalfun the Skirmisher (Demonspawn Abyssal Knight) Turns: 1386, Time: 00:03:44

Health: 0/29       AC: 15    Str: 14    XL:     3   Next: 0%
Magic:  5/5        EV:  6    Int: 11    God:    Lugonu [*.....]
Gold:   24         SH:  0    Dex: 13    Spells: 2/2 levels left

rFire    . . .     GDR:     27% m - +3 dagger (protect)
rCold    . . .     SeeInvis .   (no shield)
rNeg     . . .     Gourm    .   g - +0 chain mail
rPois    +         Faith    .   (no helmet)
rElec    .         Spirit   .   (no cloak)
rCorr    .         Reflect  .   (no gloves)
MR       .....                  (no boots)
Stlth    ..........             (no amulet)
HPRegen  0.14/turn              n - ring of poison resistance
MPRegen  0.09/turn              (no ring)

@: protection aura
A: hooves 1, rot immunity
a: Depart the Abyss, Bend Space, Renounce Religion


You were on level 2 of the Dungeon.
You worshipped Lugonu.
Lugonu was aware of your devotion.
You were near starving.

You visited 1 branch of the dungeon, and saw 2 of its levels.
You visited the Abyss 1 time.

You collected 24 gold pieces.

Inventory:

Hand Weapons
 a - a +0 rapier
 m - a +3 dagger of protection (weapon)
Missiles
 d - 40 stones (quivered)
Armour
 b - a +0 ring mail
 g - a +0 chain mail (worn)
 l - a +0 medium shield
Jewellery
 n - a ring of poison resistance (left hand)
Scrolls
 h - a scroll of remove curse
 k - 2 scrolls of immolation
Potions
 f - a potion of flight
 j - a potion of brilliance
Comestibles
 e - 2 rations {!d}


   Skills:
 - Level 3.0 Fighting
 - Level 2.0 Short Blades
 - Level 0.8 Throwing
 - Level 2.0 Armour
 - Level 1.0 Dodging
 + Level 2.0 Stealth
 - Level 3.0 Invocations


You had 2 spell levels left.
You didn't know any spells.
Your spell library was empty.

Dungeon Overview and Level Annotations

Branches:
Dungeon (2/12)

Altars:
Trog


Innate Abilities, Weirdness & Mutations

You have large cloven feet.
You are immune to rotting.


Message History

Your weapon exudes an aura of protection.
The sky beast is severely wounded.
The sky beast barely misses you.
You closely miss the sky beast. You kick the sky beast.
The sky beast is almost dead.
The sky beast hits you. The sky beast shocks you.
You closely miss the sky beast. Your kick misses the sky beast.
The sky beast is almost dead.
The sky beast hits you.
* * * LOW HITPOINT WARNING * * *
The sky beast shocks you.
* * * LOW HITPOINT WARNING * * *
You barely miss the sky beast. Your kick misses the sky beast.
The sky beast is almost dead.
The sky beast hits you but does no damage.
You hit the sky beast.
Your weapon exudes an aura of protection.
The sky beast is almost dead.
The sky beast hits you.
You die...

#._..## #...##. #..###.
###### #...... #....#
#####[# #########....# #†#
###............# #.#
.........(.....# #.#
#?......Y@...# #.+
#.........≈..#### ###
#...#######.#...##########
.....
+.....................
.##.
#...........##.####### #
#......#.#####.#
########.# #.# #+# #.# ...


You could see a sky beast.

Vanquished Creatures
  2 oozes (D:1)
  A leopard gecko (D:1)
  2 giant cockroaches
  3 goblins
  3 hobgoblins (D:1)
  A bat (D:1)
  2 frilled lizards (D:1)
  2 kobolds (D:1)
  3 rats (D:1)
19 creatures vanquished.

Notes
Turn   | Place    | Note
-------+----------+-------------------------------------------
     0 | Abyss:1  | Finalfun the Demonspawn Abyssal Knight began the quest for
                  | the Orb.
     0 | Abyss:1  | Reached XP level 1. HP: 18/18 MP: 2/2
     3 | Abyss:1  | Found a corrupted altar of Lugonu.
    15 | D:1      | Escaped the Abyss
   122 | D:1      | Reached skill level 1 in Dodging
   199 | D:1      | Gained mutation: You have large cloven feet. [demonic
                  | ancestry]
   199 | D:1      | Reached XP level 2. HP: 24/24 MP: 4/4
   389 | D:1      | Reached skill level 1 in Stealth
  1258 | D:2      | Found a bloodstained altar of Trog.
  1268 | D:2      | Gained mutation: You are immune to rotting. [demonic
                  | ancestry]
  1268 | D:2      | Reached XP level 3. HP: 29/29 MP: 5/5
  1349 | D:2      | Noticed a sky beast
  1386 | D:2      | Slain by a sky beast

Skill      XL: |  1  2 |
---------------+-------+-----
Invocations    | 3 |  3.0
Dodging        | 1 |  1.0
Short Blades   | 2 |  2.0
Armour         | 2 |  2.0
Stealth        | 2 |  2.0
Fighting       | |  3.0
Throwing       | |  0.8

Action                   || total
-------------------------++-------
Melee: Rapier            ||    46
       Kick              ||     5
       Dagger            ||    16
Throw: Tomahawk          ||    10
  Use: Scroll            ||     4
  Eat: Chunk             ||     1
Armor: Ring mail         ||    12
       Chain mail        ||    15
Dodge: Dodged            ||    16
